[Event "EYCC Open-U12 2019"]
[Site "Bratislava"]
[Date "2019.08.10"]
[Round "9.1"]
[White "Petrovskiy, Vadim"]
[Black "Maurizzi, Marc Andria"]
[Result "0-1"]
[ECO "C29"]
[WhiteElo "2090"]
[BlackElo "2412"]
[Annotator "NA"]
[PlyCount "98"]
[EventDate "2019.08.02"]
[EventType "swiss"]
[EventCountry "SVK"]
[SourceTitle "playchess.com"]
[Source "ChessBase"]
[SourceQuality "1"]
[TimeControl "40/5400+30:1800+30"]

1. e4 e5 2. Nc3 Nf6 3. f4 d5 4. exd5 exf4 5. Bc4 Bd6 6. Qe2+ Qe7 7. d3 Bg4 8. Nf3 Bxf3 9. Qxe7+ Kxe7 10. gxf3 Nbd7 11. Nb5 g5 12. Bb3 Nc5 13. d4 Nxb3 14. axb3 Nxd5 15. c4 Nb4 16. Ke2 a6 17. Nxd6 Kxd6 18. Ra5 b5 19. cxb5 Rhe8+ 20. Kd2 axb5 21. Rxb5 Nd5 22. h4 h6 23. hxg5 hxg5 24. Kd3 Rh8 25. Rxh8 Rxh8 26. Ke4 c6 27. Rc5 Rb8 28. Bd2 Rxb3 29. Bc3 f6 30. Kf5 Rb8 31. Ra5 Ne3+ 32. Kxf6 g4 33. d5 Nxd5+ 34. Kf5 Nxc3 35. bxc3 gxf3 36. Ra2 Rb3 37. c4 Kc5 38. Kxf4 Kxc4 39. Rc2+ Kb5 40. Ke4 c5 41. Kd5 c4 42. Kd4 Rd3+ 43. Ke4 Kb4 44. Rc1 f2 45. Rb1+ Rb3 46. Rf1 Rb2 47. Ke3 Kb3 48. Rh1 c3 49. Rf1 c2 0-1

[Event "EYCC Open-U12 2019"]
[Site "Bratislava"]
[Date "2019.08.10"]
[Round "9.2"]
[White "Tobak, Mikhail"]
[Black "Piliposyan, Robert"]
[Result "0-1"]
[ECO "B10"]
[WhiteElo "1943"]
[BlackElo "2156"]
[Annotator "NA"]
[PlyCount "122"]
[EventDate "2019.08.02"]
[EventType "swiss"]
[EventCountry "SVK"]
[SourceTitle "playchess.com"]
[Source "ChessBase"]
[SourceQuality "1"]
[TimeControl "40/5400+30:1800+30"]

1. e4 c6 2. d3 d5 3. Nd2 g6 4. g3 Bg7 5. Bg2 e5 6. Ngf3 Ne7 7. O-O O-O 8. Re1 Qc7 9. Qe2 d4 10. Rf1 c5 11. a4 Nbc6 12. Nc4 b6 13. Nh4 Be6 14. f4 exf4 15. gxf4 Bf6 16. Qf2 Bxc4 17. dxc4 Rad8 18. Ra3 Na5 19. Rh3 Nxc4 20. e5 Bg7 21. b3 Ne3 22. Bxe3 dxe3 23. Rxe3 f6 24. Qe1 fxe5 25. fxe5 Rxf1+ 26. Bxf1 Qd7 27. Bh3 Qd4 28. Nf3 Qf4 29. Kg2 h6 30. Be6+ Kh8 31. Re4 Qf8 32. Qe3 Nc6 33. Bc4 Ne7 34. Be6 Nc6 35. Bh3 Qe7 36. e6 Kh7 37. Rg4 Qf6 38. Qe4 Ne7 39. Rf4 Qc3 40. Rf7 Re8 41. Qb7 Nf5 42. Bxf5 gxf5 43. Qd7 Qxc2+ 44. Nd2 Qb2 45. Rxf5 Rxe6 46. Qxe6 Qxd2+ 47. Rf2 Qg5+ 48. Kf1 Qc1+ 49. Qe1 Qa3 50. Qb1+ Kg8 51. Rf4 a6 52. Re4 Kf7 53. Qd1 Qa1 54. Qxa1 Bxa1 55. Ke2 b5 56. Rf4+ Kg6 57. Kd3 Be5 58. Rf2 Bc7 59. Ke4 bxa4 60. bxa4 Ba5 61. Ra2 c4 0-1

[Event "EYCC Open-U12 2019"]
[Site "Bratislava"]
[Date "2019.08.10"]
[Round "9.3"]
[White "Vagman, Roy"]
[Black "Han, Yichen"]
[Result "1-0"]
[ECO "B23"]
[WhiteElo "1941"]
[BlackElo "2217"]
[Annotator "NA"]
[PlyCount "149"]
[EventDate "2019.08.02"]
[EventType "swiss"]
[EventCountry "SVK"]
[SourceTitle "playchess.com"]
[Source "ChessBase"]
[SourceQuality "1"]
[TimeControl "40/5400+30:1800+30"]

1. e4 c5 2. Nc3 d6 3. d4 cxd4 4. Qxd4 Nc6 5. Qd2 Nf6 6. b3 e6 7. Bb2 Be7 8. O-O-O O-O 9. Kb1 a6 10. f3 b5 11. g4 b4 12. Nce2 Qa5 13. Nf4 Rd8 14. h4 d5 15. e5 Nd7 16. Nh5 d4 17. f4 Bb7 18. Rh3 Nb6 19. Bg2 Nd5 20. Bxd5 Rxd5 21. Nf3 Rad8 22. Qd3 Na7 23. Ng5 g6 24. Nxh7 Nb5 25. N5f6+ Kg7 26. Nxd5 Rxd5 27. Nf6 Bxf6 28. exf6+ Kxf6 29. Qd2 Nc3+ 30. Bxc3 bxc3 31. Qc1 Qc5 32. a4 Bc6 33. Ka2 Qb6 34. f5 Bxa4 35. g5+ Kg7 36. f6+ Kg8 37. bxa4 Ra5 38. Ka3 Qc5+ 39. Kb3 Qd5+ 40. Kb4 Rc5 41. Ka3 Rc4 42. Kb3 a5 43. Rxc3 Rxc3+ 44. Kb2 Qc5 45. Kb1 Rc4 46. Rd3 Rb4+ 47. Rb3 d3 48. Qd2 Rxb3+ 49. cxb3 Qd5 50. Kb2 e5 51. Qc3 Kh7 52. Qc8 Qd4+ 53. Ka2 Qf2+ 54. Ka3 Qe1 55. Ka2 Qd2+ 56. Ka3 Qb4+ 57. Kb2 d2 58. Qd7 d1=N+ 59. Qxd1 Qxh4 60. Qd5 Qxg5 61. Qxf7+ Kh6 62. Qf8+ Kh5 63. Qh8+ Kg4 64. Qc8+ Kh4 65. f7 Qd2+ 66. Qc2 Qd4+ 67. Ka2 Qf4 68. Qxg6 Qf2+ 69. Ka3 Qc5+ 70. Kb2 Qf2+ 71. Qc2 Qxf7 72. Qh2+ Kg4 73. Qxe5 Qa7 74. Kc3 Qf2 75. Qd4+ 1-0

[Event "EYCC Open-U12 2019"]
[Site "Bratislava"]
[Date "2019.08.10"]
[Round "9.4"]
[White "Samadov, Read"]
[Black "Bat, Bilguun"]
[Result "1-0"]
[ECO "E06"]
[WhiteElo "2230"]
[BlackElo "2093"]
[Annotator "NA"]
[PlyCount "125"]
[EventDate "2019.08.02"]
[EventType "swiss"]
[EventCountry "SVK"]
[SourceTitle "playchess.com"]
[Source "ChessBase"]
[SourceQuality "1"]
[TimeControl "40/5400+30:1800+30"]

1. d4 Nf6 2. c4 e6 3. g3 d5 4. Bg2 Be7 5. Nf3 O-O 6. O-O dxc4 7. Qc2 b5 8. Nc3 c6 9. b3 b4 10. Nb1 cxb3 11. axb3 Ba6 12. Bb2 Bb5 13. Ne5 Nd5 14. Rc1 a5 15. Nc4 Nd7 16. e4 N5f6 17. Nbd2 h6 18. Ra2 Ra7 19. Rca1 Qc7 20. Rxa5 Rfa8 21. Rxa7 Rxa7 22. Qb1 Qb7 23. e5 Nd5 24. Ne4 Rxa1 25. Qxa1 Qa6 26. Qxa6 Bxa6 27. Bf1 f5 28. exf6 N7xf6 29. Ned2 Nc3 30. Bh3 c5 31. Bxe6+ Kf8 32. dxc5 Bxc5 33. Ne3 Ke7 34. Bc4 Bb7 35. Bd3 Nfd5 36. Ne4 Nxe4 37. Bxe4 Nxe3 38. Bxb7 Nf5 39. Kg2 Kd6 40. f4 Bd4 41. Bc1 Bc3 42. Ba6 Kd5 43. Bd3 Nd4 44. Bh7 Ke6 45. Be3 Kf7 46. Bd3 Kf6 47. Bc4 Kf5 48. Bd5 Kf6 49. g4 g5 50. h4 gxf4 51. Bxf4 Ne2 52. Bxh6 Ke5 53. Bc4 Nf4+ 54. Kf3 Ng6 55. h5 Nh4+ 56. Kf2 Kf6 57. Bf4 Be1+ 58. Ke2 Ng2 59. Bc1 Bh4 60. Bd2 Ke5 61. Bf4+ Kxf4 62. Be6 Ke5 63. Bc4 1-0

[Event "EYCC Open-U12 2019"]
[Site "Bratislava"]
[Date "2019.08.10"]
[Round "9.5"]
[White "Makridis, Dimitrios"]
[Black "Strybuk, Artsiom I"]
[Result "0-1"]
[ECO "C54"]
[WhiteElo "1798"]
[BlackElo "2193"]
[Annotator "NA"]
[PlyCount "94"]
[EventDate "2019.08.02"]
[EventType "swiss"]
[EventCountry "SVK"]
[SourceTitle "playchess.com"]
[Source "ChessBase"]
[SourceQuality "1"]
[TimeControl "40/5400+30:1800+30"]

1. e4 e5 2. Nf3 Nc6 3. Bc4 Bc5 4. c3 Nf6 5. d3 O-O 6. O-O d6 7. Bb3 Bb6 8. Nbd2 Ne7 9. h3 h6 10. Re1 Ng6 11. Nf1 c6 12. Ng3 d5 13. exd5 Nxd5 14. d4 exd4 15. Nxd4 Bc7 16. Bc2 Ndf4 17. Bxf4 Bxf4 18. Qf3 Qc7 19. Nh5 Bd7 20. Nxf4 Qxf4 21. Qxf4 Nxf4 22. Re7 Rad8 23. Re4 g5 24. Re3 c5 25. Ne2 Bc6 26. Nxf4 gxf4 27. Re2 f3 28. gxf3 Bxf3 29. Re3 Rd2 30. Bb3 Bc6 31. Rd1 Rxb2 32. Re7 Kg7 33. Bc4 Kf6 34. Re3 Rg8+ 35. Kf1 Rg2 36. Be2 Rh2 37. Rd6+ Kg7 38. Rg3+ Kf8 39. Rg1 Rxa2 40. Rd8+ Ke7 41. Rd3 Ra1+ 42. Rd1 Rxd1+ 43. Bxd1 Rxh3 44. c4 Rc3 45. Rg8 Rxc4 46. f3 Rc1 47. Ke2 Bxf3+ 0-1

[Event "EYCC Open-U12 2019"]
[Site "Bratislava"]
[Date "2019.08.10"]
[Round "9.6"]
[White "Ozkan, Taha"]
[Black "Pidluznij, Gleb"]
[Result "1-0"]
[ECO "E82"]
[WhiteElo "2140"]
[BlackElo "1947"]
[Annotator "ChessBase"]
[PlyCount "105"]
[EventDate "2019.08.02"]
[EventType "swiss"]
[EventCountry "SVK"]
[SourceTitle "playchess.com"]
[Source "ChessBase"]
[SourceQuality "1"]
[TimeControl "40/5400+30:1800+30"]

1. d4 Nf6 2. c4 g6 3. Nc3 Bg7 4. e4 d6 5. f3 O-O 6. Be3 b6 7. Qd2 c5 8. d5 e6 9. dxe6 Bxe6 10. O-O-O Nc6 11. b3 Nd7 12. Nge2 Rc8 13. h4 h5 14. Bg5 Bf6 15. Nd5 Bxd5 16. exd5 Nce5 17. Ng3 Bxg5 18. hxg5 f5 19. f4 Ng4 20. Re1 Re8 21. Bd3 Nf8 22. Nxf5 Rxe1+ 23. Qxe1 gxf5 24. Bxf5 Ne5 25. Qh4 Neg6 26. Qxh5 Nxf4 27. Qg4 Ne2+ 28. Kb2 Qe7 29. Bxc8 Qe5+ 30. Ka3 Nd4 31. Qd1 a5 32. Re1 Qxe1 33. Qxe1 Nc2+ 34. Ka4 Nxe1 35. Kb5 Nd3 36. Kxb6 Nc1 37. Kxa5 Nxa2 38. Kb6 Nc1 39. Kc7 Nxb3 40. Kxd6 Kf7 41. Bf5 Nd4 42. g4 Ng6 43. Bxg6+ Kxg6 44. Kxc5 Nf3 45. d6 Nxg5 46. d7 Nf7 47. Kb6 Kf6 48. Kc7 Ke7 49. c5 Nd8 50. c6 Ne6+ 51. Kc8 Kd6 52. c7 Nxc7 53. d8=Q+ 1-0

[Event "EYCC Open-U12 2019"]
[Site "Bratislava"]
[Date "2019.08.10"]
[Round "9.7"]
[White "Makkar, Rajat"]
[Black "Vergara Anton, Diego"]
[Result "0-1"]
[ECO "A06"]
[WhiteElo "2064"]
[BlackElo "2183"]
[Annotator "NA"]
[PlyCount "106"]
[EventDate "2019.08.02"]
[EventType "swiss"]
[EventCountry "SVK"]
[SourceTitle "playchess.com"]
[Source "ChessBase"]
[SourceQuality "1"]
[TimeControl "40/5400+30:1800+30"]

1. Nf3 d5 2. e3 Nf6 3. c4 e6 4. Nc3 Be7 5. b3 O-O 6. Bb2 c5 7. cxd5 exd5 8. d4 Nc6 9. Be2 Bf5 10. O-O Rc8 11. Rc1 b6 12. Ba6 Rc7 13. a3 Nb8 14. Be2 Rc8 15. Ne5 a6 16. a4 Re8 17. Bf3 cxd4 18. Qxd4 Bd6 19. Ng4 Nxg4 20. Bxg4 Nc6 21. Qd1 Bxg4 22. Qxg4 Ne5 23. Qd4 Bc5 24. Qxd5 Nd3 25. Qxd8 Rexd8 26. Rb1 Nxb2 27. Rxb2 Bxe3 28. fxe3 Rxc3 29. Re1 Rdd3 30. b4 Rxe3 31. Rxe3 Rxe3 32. Rd2 g6 33. Rd6 Re6 34. Rd8+ Kg7 35. Ra8 b5 36. a5 Rf6 37. g3 Kh6 38. h4 Kh5 39. Kg2 Kg4 40. Re8 Re6 41. Rf8 Re2+ 42. Kf1 Re3 43. Ra8 Rf3+ 44. Ke2 Rf6 45. Rb8 Kxg3 46. Rb6 Re6+ 47. Kd3 Kxh4 48. Kd4 g5 49. Rb7 g4 50. Rxf7 h5 51. Kd5 Rg6 52. Ke4 g3 53. Rf4+ Rg4 0-1

[Event "EYCC Open-U12 2019"]
[Site "Bratislava"]
[Date "2019.08.10"]
[Round "9.8"]
[White "Fiszer, Bartosz"]
[Black "Ciric, Pavle"]
[Result "1-0"]
[ECO "C05"]
[WhiteElo "2124"]
[BlackElo "1987"]
[Annotator "NA"]
[PlyCount "61"]
[EventDate "2019.08.02"]
[EventType "swiss"]
[EventCountry "SVK"]
[SourceTitle "playchess.com"]
[Source "ChessBase"]
[SourceQuality "1"]
[TimeControl "40/5400+30:1800+30"]

1. e4 e6 2. d4 d5 3. Nd2 Nf6 4. e5 Nfd7 5. f4 c5 6. c3 Nc6 7. Ndf3 Be7 8. Bd3 f5 9. Ne2 O-O 10. O-O b6 11. Kh1 a5 12. Be3 Ba6 13. Bb1 Kh8 14. h3 Qe8 15. g4 g6 16. Rf2 Bxe2 17. Qxe2 Rb8 18. Bc2 b5 19. Rg1 c4 20. h4 Rg8 21. Rh2 Qf7 22. h5 gxh5 23. gxf5 exf5 24. Ne1 Rg4 25. Rxg4 hxg4 26. Rh6 Nd8 27. Qh2 Rb6 28. Rh5 g3 29. Qh3 Nf8 30. Rxf5 Qe6 31. Rxf8+ 1-0

[Event "EYCC Open-U12 2019"]
[Site "Bratislava"]
[Date "2019.08.10"]
[Round "9.9"]
[White "Navumenka, Mikhei"]
[Black "von Mettenheim, Johannes"]
[Result "1-0"]
[ECO "B13"]
[WhiteElo "2196"]
[BlackElo "1809"]
[Annotator "NA"]
[PlyCount "55"]
[EventDate "2019.08.02"]
[EventType "swiss"]
[EventCountry "SVK"]
[SourceTitle "playchess.com"]
[Source "ChessBase"]
[SourceQuality "1"]
[TimeControl "40/5400+30:1800+30"]

1. e4 c6 2. d4 d5 3. exd5 cxd5 4. c4 Nf6 5. Nc3 Nc6 6. Nf3 Bg4 7. cxd5 Nxd5 8. Qb3 Bxf3 9. gxf3 e6 10. Qxb7 Nxd4 11. Bb5+ Nxb5 12. Qc6+ Ke7 13. Qc5+ Nd6 14. Nxd5+ exd5 15. O-O Qc8 16. Qxd5 Qb7 17. Qe5+ Kd7 18. Bf4 Qb5 19. Qd4 Qc4 20. Qd2 Re8 21. Rfd1 Re2 22. Qa5 a6 23. Bxd6 Bxd6 24. Rac1 Rc2 25. Qf5+ Ke7 26. Rxc2 Qh4 27. Rc7+ Bxc7 28. Rd7+ 1-0

[Event "EYCC Open-U12 2019"]
[Site "Bratislava"]
[Date "2019.08.10"]
[Round "9.10"]
[White "Magold, Filip"]
[Black "Macias Pino, Diego"]
[Result "1/2-1/2"]
[ECO "B12"]
[WhiteElo "1865"]
[BlackElo "2150"]
[Annotator "NA"]
[PlyCount "127"]
[EventDate "2019.08.02"]
[EventType "swiss"]
[EventCountry "SVK"]
[SourceTitle "playchess.com"]
[Source "ChessBase"]
[SourceQuality "1"]
[TimeControl "40/5400+30:1800+30"]

1. e4 c6 2. d4 d5 3. e5 c5 4. dxc5 e6 5. Nf3 Bxc5 6. a3 Ne7 7. b4 Bb6 8. Bb2 Ng6 9. Nbd2 a5 10. b5 Nd7 11. c4 O-O 12. Be2 Bc7 13. O-O Ndxe5 14. Qb3 Nf4 15. Nxe5 Nxe2+ 16. Kh1 d4 17. Nd3 Bxh2 18. Rae1 Bc7 19. Nf3 Nf4 20. Nxf4 Bxf4 21. Bxd4 f6 22. c5 Kh8 23. c6 e5 24. Bc5 Rg8 25. b6 Qe8 26. g3 Qxc6 27. gxf4 e4 28. Nh4 Qxc5 29. Rxe4 Qh5 30. Qg3 g5 31. fxg5 Qxg5 32. Qxg5 fxg5 33. Nf3 Ra6 34. Re5 Rxb6 35. Rxa5 Bd7 36. Ne5 Be6 37. Rc1 h6 38. Rc7 Rg7 39. Rac5 Rb3 40. a4 Ra3 41. a5 Kh7 42. Kh2 Rb3 43. Rxg7+ Kxg7 44. Rc7+ Kf6 45. Nd7+ Bxd7 46. Rxd7 Kf5 47. Kg2 Rb5 48. Kg3 Rb3+ 49. Kg2 h5 50. Rd6 h4 51. a6 bxa6 52. Rxa6 Rc3 53. Rb6 Ra3 54. Rc6 Kg4 55. Rc4+ Kh5 56. Rb4 h3+ 57. Kh2 g4 58. Rf4 Kh4 59. Rf8 Kg5 60. Rg8+ Kf4 61. Rf8+ Ke4 62. Rg8 Kf3 63. Rf8+ Ke2 64. Rf4 1/2-1/2

[Event "EYCC Open-U12 2019"]
[Site "Bratislava"]
[Date "2019.08.10"]
[Round "9.12"]
[White "Habans Aguerrea, Javier"]
[Black "Kluehs, Gustaf"]
[Result "1-0"]
[ECO "B06"]
[WhiteElo "2083"]
[BlackElo "1811"]
[Annotator "NA RC"]
[PlyCount "49"]
[EventDate "2019.08.02"]
[EventType "swiss"]
[EventCountry "SVK"]
[SourceTitle "playchess.com"]
[Source "ChessBase"]
[SourceQuality "1"]
[TimeControl "40/5400+30:1800+30"]

1. d4 g6 2. e4 Bg7 3. Nf3 d6 4. Nc3 Nc6 5. Bc4 e5 6. dxe5 Nxe5 7. Nxe5 Bxe5 8. f4 Bg7 9. O-O Be6 10. Bxe6 fxe6 11. f5 Qe7 12. fxg6 O-O-O 13. Rf7 Qh4 14. g3 Qh3 15. Rxg7 hxg6 16. Qe2 Nf6 17. Rxg6 Rdf8 18. Be3 Nd7 19. Bf4 d5 20. exd5 e5 21. Be3 e4 22. Bf4 e3 23. Qg2 Qh7 24. Rh6 Rxf4 25. Rxh7 1-0

[Event "EYCC Open-U12 2019"]
[Site "Bratislava"]
[Date "2019.08.10"]
[Round "9.16"]
[White "Cnejev, Vladimir-Alexandru"]
[Black "Kanov, Nikola"]
[Result "1-0"]
[ECO "C70"]
[WhiteElo "1907"]
[BlackElo "1908"]
[Annotator "NA RC"]
[PlyCount "103"]
[EventDate "2019.08.02"]
[EventType "swiss"]
[EventCountry "SVK"]
[SourceTitle "playchess.com"]
[Source "ChessBase"]
[SourceQuality "1"]
[TimeControl "40/5400+30:1800+30"]

1. e4 e5 2. Nf3 Nc6 3. Bb5 a6 4. Ba4 Nge7 5. Nc3 g6 6. d4 exd4 7. Nd5 Bg7 8. Bg5 f6 9. Bxf6 Bxf6 10. Nxf6+ Kf7 11. Nd5 Nxd5 12. Bb3 d6 13. Bxd5+ Kg7 14. Bxc6 bxc6 15. Qxd4+ Qf6 16. O-O Qxd4 17. Nxd4 c5 18. Ne2 Re8 19. Nc3 Bb7 20. Rfe1 Kf7 21. f3 Re5 22. Kf2 Rae8 23. Re2 R5e7 24. Rae1 c6 25. Na4 a5 26. Rd2 d5 27. Nxc5 dxe4 28. Rxe4 Rxe4 29. Nxe4 Re7 30. Rd6 Rc7 31. Nc5 Ke7 32. Rd4 Bc8 33. Ra4 Kd6 34. Ne4+ Ke7 35. Rxa5 Rd7 36. Ke2 Rb7 37. Re5+ Kd8 38. b3 Ra7 39. a4 Ba6+ 40. Ke3 Bf1 41. Kf2 Ba6 42. Ra5 Kc7 43. Nc5 Kb6 44. Rxa6+ Rxa6 45. Nxa6 Kxa6 46. b4 Kb6 47. c4 Ka6 48. b5+ cxb5 49. axb5+ Kb6 50. g4 g5 51. h4 gxh4 52. f4 1-0

[Event "EYCC Open-U12 2019"]
[Site "Bratislava"]
[Date "2019.08.10"]
[Round "9.18"]
[White "Nastore, Pavel-Alexandru"]
[Black "Uritsky, Yonathan"]
[Result "1-0"]
[ECO "D85"]
[WhiteElo "2084"]
[BlackElo "2040"]
[Annotator "NA RC"]
[PlyCount "51"]
[EventDate "2019.08.02"]
[EventType "swiss"]
[EventCountry "SVK"]
[SourceTitle "playchess.com"]
[Source "ChessBase"]
[SourceQuality "1"]
[TimeControl "40/5400+30:1800+30"]

1. d4 Nf6 2. c4 g6 3. Nc3 d5 4. cxd5 Nxd5 5. e4 Nxc3 6. bxc3 Bg7 7. Nf3 c5 8. Rb1 O-O 9. Be2 Qa5 10. O-O Qxc3 11. Bd2 Qa3 12. Qc2 Na6 13. Rb3 Qa4 14. Bb5 Nb4 15. Qxc5 Qxa2 16. Qxb4 a5 17. Qa3 Qxa3 18. Rxa3 b6 19. Bc6 Ra7 20. Rb1 Bg4 21. Ne5 Bxe5 22. dxe5 Rc8 23. Bb5 Rc5 24. Be3 Rxe5 25. f3 Bc8 26. Rd3 1-0

[Event "EYCC Open-U12 2019"]
[Site "Bratislava"]
[Date "2019.08.10"]
[Round "9.19"]
[White "Stevanovic, Jovan"]
[Black "Pavesi, Brando"]
[Result "1-0"]
[ECO "A13"]
[WhiteElo "1783"]
[BlackElo "2109"]
[Annotator "RC"]
[PlyCount "79"]
[EventDate "2019.08.02"]
[EventType "swiss"]
[EventCountry "SVK"]
[SourceTitle "playchess.com"]
[Source "ChessBase"]
[SourceQuality "1"]
[TimeControl "40/5400+30:1800+30"]

1. c4 e6 2. g3 d5 3. Bg2 Nf6 4. Nf3 dxc4 5. Qa4+ c6 6. Qxc4 b5 7. Qc2 Bb7 8. O-O Nbd7 9. d3 c5 10. a4 a6 11. Bd2 Be7 12. axb5 axb5 13. Nc3 b4 14. Rxa8 Qxa8 15. Nd1 O-O 16. Ne3 Nb6 17. Rc1 Rc8 18. Ne5 Bxg2 19. Nxg2 Nfd5 20. Nc4 Qa2 21. Qb1 b3 22. Qxa2 bxa2 23. Ra1 Ra8 24. Na5 Nb4 25. Bxb4 cxb4 26. Rxa2 Nd7 27. Ne3 Bd8 28. Nec4 Nc5 29. Ra1 Bf6 30. Nb3 Rxa1+ 31. Nxa1 Na4 32. Nc2 b3 33. Na1 Nxb2 34. Nxb2 Bxb2 35. Nxb3 Kf8 36. Kg2 Ke7 37. Kf3 Be5 38. Nd2 f6 39. Nc4 Bc7 40. d4 1-0

[Event "EYCC Open-U12 2019"]
[Site "Bratislava"]
[Date "2019.08.10"]
[Round "9.20"]
[White "Saveljev, Ivan"]
[Black "Stork, Christopher"]
[Result "1-0"]
[ECO "B40"]
[WhiteElo "2040"]
[BlackElo "1905"]
[Annotator "NA RC"]
[PlyCount "69"]
[EventDate "2019.08.02"]
[EventType "swiss"]
[EventCountry "SVK"]
[SourceTitle "playchess.com"]
[Source "ChessBase"]
[SourceQuality "1"]
[TimeControl "40/5400+30:1800+30"]

1. e4 c5 2. Nf3 e6 3. c3 Nf6 4. e5 Nd5 5. d4 cxd4 6. cxd4 d6 7. a3 Bd7 8. Bd3 Bc6 9. O-O Nd7 10. b4 a6 11. Re1 Be7 12. Nbd2 Nc3 13. Qb3 Rc8 14. exd6 Bxd6 15. Bc4 Bxf3 16. Nxf3 Nb6 17. Bd3 O-O 18. Bd2 Ncd5 19. Be4 Rc7 20. b5 axb5 21. Ba5 Rc6 22. Qxb5 Bc7 23. Rac1 Rxc1 24. Rxc1 Qb8 25. Bxb6 Nxb6 26. Bxh7+ Kxh7 27. Qh5+ Kg8 28. Ng5 Rc8 29. Qxf7+ Kh8 30. Qh5+ Kg8 31. Qh7+ Kf8 32. Qh8+ Ke7 33. Qxg7+ Kd8 34. Qf8+ Kd7 35. Qf7+ 1-0

[Event "EYCC Open-U12 2019"]
[Site "Bratislava"]
[Date "2019.08.10"]
[Round "9.22"]
[White "Guia, Artur Solovyov Eloy"]
[Black "Kamilov, Dmitry"]
[Result "1/2-1/2"]
[ECO "A01"]
[WhiteElo "1790"]
[BlackElo "1990"]
[Annotator "NA RC"]
[PlyCount "61"]
[EventDate "2019.08.02"]
[EventType "swiss"]
[EventCountry "SVK"]
[SourceTitle "playchess.com"]
[Source "ChessBase"]
[SourceQuality "1"]
[TimeControl "40/5400+30:1800+30"]

1. b3 e5 2. Bb2 Nc6 3. Nf3 d6 4. e3 Nf6 5. d4 exd4 6. Nxd4 Nxd4 7. Qxd4 Bd7 8. Nc3 Bc6 9. Bb5 Qd7 10. Bxc6 Qxc6 11. Qa4 Qxa4 12. Nxa4 Be7 13. O-O-O O-O-O 14. Rhe1 Nd7 15. Nc3 Bf6 16. Nd5 Bxb2+ 17. Kxb2 Rhe8 18. e4 Nb6 19. Nxb6+ axb6 20. f3 Re6 21. Rd5 Rde8 22. Red1 Kd7 23. Kc3 Re5 24. Rxe5 Rxe5 25. Rd5 Rxd5 26. exd5 Ke7 27. Kd4 f5 28. f4 Kf6 29. Ke3 h6 30. c4 Kg6 31. g3 1/2-1/2

[Event "EYCC Open-U12 2019"]
[Site "Bratislava"]
[Date "2019.08.10"]
[Round "9.23"]
[White "Chyndygyr, Tamerlan"]
[Black "Nemsadze, Daviti"]
[Result "0-1"]
[ECO "E73"]
[WhiteElo "2018"]
[BlackElo "1794"]
[Annotator "NA RC"]
[PlyCount "121"]
[EventDate "2019.08.02"]
[EventType "swiss"]
[EventCountry "SVK"]
[SourceTitle "playchess.com"]
[Source "ChessBase"]
[SourceQuality "1"]
[TimeControl "40/5400+30:1800+30"]

1. d4 Nf6 2. c4 g6 3. Nc3 Bg7 4. e4 O-O 5. Be2 d6 6. Bg5 c5 7. d5 a6 8. Nf3 b5 9. cxb5 axb5 10. Bxb5 Qa5 11. Bd3 Ba6 12. O-O Nbd7 13. Bxa6 Qxa6 14. Re1 Rfb8 15. Qc2 h6 16. Bf4 g5 17. Bd2 Nh5 18. Rad1 Bf6 19. h3 Nf4 20. Bxf4 gxf4 21. e5 Nxe5 22. Nxe5 Bxe5 23. a3 Qc4 24. Qd2 Rb7 25. Rxe5 dxe5 26. d6 exd6 27. Qxd6 Qe6 28. Qxc5 Rc8 29. Qa5 Rxb2 30. Ne4 Re2 31. Qb4 Qc6 32. Nd6 Qc5 33. Rf1 Qxb4 34. axb4 Rc6 35. Nf5 Rf6 36. Ne7+ Kf8 37. Nd5 Rd6 38. Nc3 Rc2 39. Na4 Rd4 40. Nc5 Rcc4 41. Rb1 Ke7 42. Na6 Rd6 43. b5 Rb6 44. Kf1 Kf6 45. Ke2 e4 46. Kd2 Ke5 47. Nb4 Kd6 48. Na6 Kd5 49. Nb4+ Kd4 50. Nc6+ Kd5 51. Nb4+ Kc5 52. Na6+ Kd4 53. Rb3 f5 54. h4 h5 55. g3 fxg3 56. fxg3 Ra4 57. Nc7 Ra2+ 58. Ke1 Ra7 59. Rc3 Kxc3 60. Nd5+ Kd3 61. Nxb6 0-1

[Event "EYCC Open-U12 2019"]
[Site "Bratislava"]
[Date "2019.08.10"]
[Round "9.25"]
[White "Dovbnia, Nikita"]
[Black "Celik, Hasan Huseyin"]
[Result "0-1"]
[ECO "E97"]
[WhiteElo "1777"]
[BlackElo "1903"]
[Annotator "NA RC"]
[PlyCount "80"]
[EventDate "2019.08.02"]
[EventType "swiss"]
[EventCountry "SVK"]
[SourceTitle "playchess.com"]
[Source "ChessBase"]
[SourceQuality "1"]
[TimeControl "40/5400+30:1800+30"]

1. d4 Nf6 2. c4 g6 3. Nc3 Bg7 4. e4 d6 5. Nf3 O-O 6. Be2 e5 7. O-O Nc6 8. d5 Ne7 9. b4 a5 10. Ba3 axb4 11. Bxb4 Nd7 12. Nd2 f5 13. Nb3 Nf6 14. Qd3 fxe4 15. Nxe4 Nxe4 16. Qxe4 Rf4 17. Qc2 Bf5 18. Qd2 Bg4 19. Bxg4 Rxg4 20. Qe2 Qd7 21. f3 Rf4 22. Bd2 Rf7 23. Bc3 Nf5 24. Qd3 Ra3 25. Bb2 Ra4 26. Bc3 c5 27. Nd2 Bh6 28. Ne4 Ra3 29. Rfb1 Qa4 30. Rb5 Be3+ 31. Kh1 Bd4 32. Rab1 Rxa2 33. Bxd4 exd4 34. R5b3 Re7 35. g3 Ra1 36. Nf6+ Kg7 37. Ne4 Ne3 38. Nxd6 Qa2 39. R3b2 Qxb2 40. Rxa1 Qg2# 0-1

[Event "EYCC Open-U12 2019"]
[Site "Bratislava"]
[Date "2019.08.10"]
[Round "9.27"]
[White "Palczert, Matyas"]
[Black "Valiyev, Shahin"]
[Result "1-0"]
[ECO "B90"]
[WhiteElo "2065"]
[BlackElo "1830"]
[Annotator "NA RC"]
[PlyCount "33"]
[EventDate "2019.08.02"]
[EventType "swiss"]
[EventCountry "SVK"]
[SourceTitle "playchess.com"]
[Source "ChessBase"]
[SourceQuality "1"]
[TimeControl "40/5400+30:1800+30"]

1. e4 c5 2. Nf3 d6 3. d4 cxd4 4. Nxd4 Nf6 5. Nc3 a6 6. Nb3 Nc6 7. Be3 e6 8. g4 b5 9. g5 Nd7 10. Bg2 Bb7 11. O-O Be7 12. f4 Rc8 13. Nd4 Na5 14. f5 e5 15. Ne6 fxe6 16. Qh5+ Kf8 17. fxe6+ 1-0

[Event "EYCC Open-U12 2019"]
[Site "Bratislava"]
[Date "2019.08.10"]
[Round "9.28"]
[White "Tunsjo, Axel"]
[Black "De Reese, Elias"]
[Result "1-0"]
[ECO "B07"]
[WhiteElo "2039"]
[BlackElo "1850"]
[Annotator "NA RC"]
[PlyCount "67"]
[EventDate "2019.08.02"]
[EventType "swiss"]
[EventCountry "SVK"]
[SourceTitle "playchess.com"]
[Source "ChessBase"]
[SourceQuality "1"]
[TimeControl "40/5400+30:1800+30"]

1. e4 d6 2. d4 Nf6 3. Nc3 Nbd7 4. Nf3 e5 5. Bg5 Be7 6. Qd2 h6 7. Bxf6 Bxf6 8. O-O-O exd4 9. Nxd4 Nc5 10. Be2 O-O 11. f4 Ne6 12. Nxe6 Bxe6 13. Kb1 Rb8 14. g4 b5 15. Qe3 Qe8 16. h4 c5 17. Rxd6 Bd4 18. Qd2 Qe7 19. e5 Qb7 20. Rd1 Qg2 21. Nxb5 Bxb2 22. Kxb2 c4 23. a4 Qb7 24. f5 a6 25. fxe6 axb5 26. exf7+ Qxf7 27. Qd5 bxa4+ 28. Kc3 Qxd5 29. R6xd5 Rbc8 30. Ra5 Rf4 31. Rd4 Rxd4 32. Kxd4 Rd8+ 33. Kc3 Rc8 34. Rxa4 1-0

[Event "EYCC Open-U12 2019"]
[Site "Bratislava"]
[Date "2019.08.10"]
[Round "9.29"]
[White "De Winter, Arthur"]
[Black "Hagner, Bennet"]
[Result "1/2-1/2"]
[ECO "C92"]
[WhiteElo "1859"]
[BlackElo "1831"]
[Annotator "NA RC"]
[PlyCount "86"]
[EventDate "2019.08.02"]
[EventType "swiss"]
[EventCountry "SVK"]
[SourceTitle "playchess.com"]
[Source "ChessBase"]
[SourceQuality "1"]
[TimeControl "40/5400+30:1800+30"]

1. e4 e5 2. Nf3 Nc6 3. Bb5 a6 4. Ba4 Nf6 5. O-O Be7 6. Re1 b5 7. Bb3 d6 8. c3 O-O 9. h3 Bb7 10. d4 Re8 11. Nbd2 Bf8 12. Bc2 g6 13. a4 exd4 14. cxd4 Nb4 15. Bb1 c5 16. d5 Nd7 17. Nf1 Bg7 18. Re2 c4 19. axb5 axb5 20. Rxa8 Qxa8 21. Bf4 Ne5 22. Nxe5 Bxe5 23. Bxe5 Rxe5 24. Qd2 Qa4 25. Re3 Na6 26. f4 Re8 27. Ra3 Qb4 28. Qxb4 Nxb4 29. Ra7 Rb8 30. Kf2 Kf8 31. Ne3 Ke7 32. Ra5 Ba6 33. Ke1 Kd7 34. Kd2 Bc8 35. Ra7+ Bb7 36. Ra5 Bc8 37. Nd1 Kc7 38. Nc3 Ba6 39. Na2 Nxa2 40. Rxa6 Nb4 41. Ra7+ Rb7 42. Ra8 Rb8 43. Ra7+ Rb7 1/2-1/2